 Dungeon Crawl Stone Soup version 0.29.0-13-gc9e81de378 (webtiles) character file.

Game seed: 14734941336933771973

119 SensoryNuts the Slasher (level 4, -2/35 HPs)
             Began as a Demonspawn Fighter on Sept 8, 2022.
             Slain by an orc
             ... wielding a +0 hand axe
              (5 damage)
             ... on level 3 of the Dungeon.
             The game lasted 00:02:26 (1904 turns).

SensoryNuts the Slasher (Demonspawn Fighter)        Turns: 1904, Time: 00:02:27

Health: -2/35      AC:  6    Str: 20    XL:     4   Next: 73%
Magic:  4/4        EV:  9    Int: 10    God:
Gold:   81         SH:  5    Dex: 14    Spells: 3/3 levels left

rFire   . . .      SeeInvis .   h - +2 scimitar of Cocytus {vorpal, rC+ Str+4}
rCold   + . .      Faith    .   c - +0 buckler
rNeg    . . .      Spirit   .   b - +0 scale mail
rPois   .          Reflect  .   (helmet restricted)
rElec   .          Harm     .   (no cloak)
rCorr   .          Rampage  .   (no gloves)
Will    .....                   (no boots)
Stlth   ..........              (no amulet)
HPRegen 0.11/turn               (no ring)
MPRegen 0.09/turn               (no ring)

@: mighty
A: antennae 1, powered by pain 1, weakness stinger 1
a: no special abilities


You were on level 3 of the Dungeon.
You visited 1 branch of the dungeon, and saw 3 of its levels.

You collected 81 gold pieces.

Inventory:

Hand Weapons
 a - a +1 long sword
 h - the +2 scimitar of Cocytus (weapon) {vorpal, rC+ Str+4}
   (You found it on level 3 of the Dungeon)

   It inflicts extra damage upon your enemies.
   Str:       It affects your strength (+4).
   rC:        It protects you from cold.
Armour
 b - a +0 scale mail (worn)
 c - a +0 buckler (worn)
Wands
 i - a wand of digging (2)
Scrolls
 e - 2 scrolls of poison {unknown}
 l - a scroll of enchant weapon
Potions
 f - a potion of mutation
 g - 2 potions of magic {unknown}
 j - a potion of brilliance {unknown}
 k - a potion of invisibility {unknown}


   Skills:
 + Level 3.4 Fighting
 * Level 3.6 Long Blades
 + Level 3.2 Armour
 + Level 0.5 Dodging
 + Level 2.9 Shields


You had 3 spell levels left.
You didn't know any spells.
Your spell library contained the following spells:

 Spells                   Type           Power      Damage    Failure   Level
 Magic Dart               Conj           0%         1d3       80%         1
 Call Imp                 Summ           0%         N/A       91%         2
 Mephitic Cloud           Conj/Pois/Air  0%         N/A       99%         3


Dungeon Overview and Level Annotations

Branches:
Dungeon (3/15)

Altars:

Shops:
D:1 [**   D:3 :


Innate Abilities, Weirdness & Mutations

You have a pair of small antennae on your head.
You sometimes gain a little power by taking damage.
You have a small tail.


Message History

l - a scroll of enchant weapon No target in view!
An orc and an orc priest come into view.
The orc priest shouts!
An orc comes into view. It is wielding a +0 hand axe.
There are monsters nearby!
There are monsters nearby!
The orc shouts!
An orc comes into view. It is wielding a +0 short sword.
An orc comes into view. It is wielding a +0 club.
The orc shouts! x2
The orc closely misses you.
The orc priest invokes the aid of Beogh against you.
Pain shoots through your body!
You barely miss the orc priest. The orc barely misses you.
You slash the orc priest!
You tail-slap the orc priest, but do no damage.
The orc priest is heavily wounded.
The orc closely misses you.
The orc priest calls down the wrath of Beogh upon you.
Beogh smites you!
* * * LOW HITPOINT WARNING * * *
You are too injured to fight recklessly!
Unknown command.
You feel very mighty all of a sudden. The orc closely misses you.
The orc priest hits you but does no damage.
You slash the orc priest!
You kill the orc priest!
The orc closely misses you. The orc hits you but does no damage. x2
The orc barely misses you. You block the orc's attack. x2
The orc barely misses you.
You closely miss the orc. You tail-slap the orc!
You kill the orc!
The orc hits you with a +0 club.
* * * LOW HITPOINT WARNING * * *
The orc hits you with a +0 club.
* * * LOW HITPOINT WARNING * * *
The orc hits you with a +0 hand axe.
You die...

.........#####.........##
.........................
........).#############..
######'#......# #..... ..
#.#......## #.##.#
...###+#.......# ##.##.#
...............# #..##.#
...............###'###.#
......)@o######.........
......o)o# #.........
.........# #.........
.........# #.........
.......... #.........
..........# #.........
.######...# #.........
#...# #.........
#.........


You could see 3 orcs.

Vanquished Creatures
  An orc priest (D:3)
  3 adders
  A worm (D:3)
  3 dart slugs
  An orc (D:3)
  A ball python (D:2)
  5 endoplasms
  5 giant cockroaches
  3 goblins
  5 hobgoblins
  11 kobolds
  A quokka (D:2)
  5 bats
  3 frilled lizards
  3 rats
51 creatures vanquished.

Notes
Turn   | Place    | Note
-------+----------+-------------------------------------------
     0 | D:1      | SensoryNuts the Demonspawn Fighter began the quest for the
                  | Orb.
     0 | D:1      | Reached XP level 1. HP: 18/18 MP: 1/1
     5 | D:1      | Found Campebb's Armour Boutique.
   194 | D:1      | Discovered your monstrous ancestry.
   194 | D:1      | Gained mutation: You have a small tail. [demonic ancestry]
   194 | D:1      | Reached XP level 2. HP: 24/24 MP: 2/2
   286 | D:1      | Found Itaraj's Assorted Antiques.
   346 | D:1      | Found a faded altar of an unknown god.
   495 | D:1      | Found Xuobloydo's General Store.
   795 | D:2      | Gained mutation: You sometimes gain a little power by
                  | taking damage. [demonic ancestry]
   795 | D:2      | Reached XP level 3. HP: 28/29 MP: 3/3
  1430 | D:2      | Gained mutation: You have a pair of small antennae on your
                  | head. [demonic ancestry]
  1430 | D:2      | Reached XP level 4. HP: 35/35 MP: 4/4
  1763 | D:3      | Identified the +2 scimitar of Cocytus {vorpal, rC+ Str+4}
  1808 | D:3      | Found Ciqaffau's Book Shoppe.
  1904 | D:3      | Slain by an orc

Illustrated notes

Levels and vault maps discovered:
D:1:      noname_arrival_rooms_in_the_neighbourhood, layout_rooms, serial_shops,
          nicolae_shop_statue_plus, nicolae_shop_stone, nicolae_shop_crystal,
          shapermc_ecumenical_altar_notcrosses, hangedman_decor_push
D:2:      layout_loops_ring, roderic_serpentine_path
D:3:      layout_basic, nicolae_overflow_hidden_temple, serial_shops,
          nicolae_shop_hallway_stairs

Skill      XL: |  1  2  3 |
---------------+----------+-----
Long Blades    | 2 3 |  3.6
Armour         | 3 |  3.2
Fighting       | |  3.4
Dodging        | |  0.5
Shields        | |  2.9

Action                   |  1- 3 |  4- 6 || total
-------------------------+-------+-------++-------
Melee: Long sword        |   117 |    22 ||   139
       Tailslap          |     6 |     4 ||    10
       Scimitar          |       |     5 ||     5
  Use: Scroll            |       |     5 ||     5
       Potion            |       |     1 ||     1
Armor: Scale mail        |    60 |     9 ||    69
Dodge: Dodged            |    51 |    13 ||    64
Block: Buckler           |    23 |     8 ||    31
